Unix NetHack Version 3.7.0-94 Work-in-progress - last build Dec 18 2023 00:11:04 (7e3deff068b9ef4f2ebb9a71ea0f5c4a3b578a14,branch:master). Game began 2023-12-31 11:39:49, ended 2023-12-31 12:07:27. elenmirie, lawful female human Knight -------- #.......| #|.....%| #|......| ###|......| #### |..{..<| # --|----- ### # # # # #### # --|-- # |.%"| # |.."| ## # |"."| # ----+--------# |...| #u@............# |.`.| |...........| # ----- |............ ------------- Elenmirie the Bachelor St:17 Dx:8 Co:15 In:7 Wi:15 Ch:18 Lawful Dlvl:7 $:367 HP:0(44) Pw:33(33) AC:1 Xp:6/611 T:5527 Burdened Latest messages: You stumble into a spider web! You find a web. You are stuck to the web. You disentangle yourself. There's some graffiti on the floor here. You read: "They sav that noth?nc can ?h?nge the act tnat son? ?oticr? cont?in a dj?nni.". There is a web here. You see here a food ration. You stumble into a spider web! You have a little trouble lifting n - a food ration (5 in total). You disentangle yourself. The kitten bites! The kitten misses! The kitten misses! The kitten bites! You hit the kitten! The kitten bites! The kitten misses! The kitten misses! You kill the kitten! This door is locked. This door is locked. This door is locked. In what direction? h Thwack!! In what direction? h Whammm!! In what direction? h Whammm!! In what direction? h As you kick the door, it crashes open! You have a little trouble lifting $ - 11 gold pieces (367 in total). Arod kicks! Arod bites! Arod kicks! Arod bites! You find a hidden passage. Arod misses! Arod bites! Arod kicks! Arod misses! Arod misses! Arod bites! Arod kicks! You die... Do you want your possessions identified? [ynq] (y) y Do you want to see your attributes? [ynq] (y) y Do you want an account of creatures vanquished? [ynaq] (y) y Do you want to see your conduct and achievements? [ynq] (y) y Do you want to see the dungeon overview? [ynq] (y) y Inventory: Coins $ - 367 gold pieces Amulets r - an uncursed amulet of guarding (being worn) A - an uncursed amulet of life saving Weapons m - an uncursed +0 elven dagger a - the blessed rustproof +1 Excalibur (weapon in right hand) b - an uncursed +1 lance (alternate weapon; not wielded) Armor d - an uncursed +0 helmet (being worn) f - an uncursed +0 pair of leather gloves (being worn) e - an uncursed +0 small shield (being worn) x - a blessed +0 mummy wrapping c - an uncursed +1 ring mail (being worn) Comestibles g - 7 uncursed apples h - 13 uncursed carrots F - 2 uncursed cram rations n - 5 uncursed food rations k - 5 uncursed tripe rations Scrolls v - a cursed scroll of create monster D - an uncursed scroll of earth t - an uncursed scroll of magic mapping j - a cursed scroll of remove curse Potions w - an uncursed potion of extra healing p - an uncursed potion of invisibility s - an uncursed potion of levitation Rings B - an uncursed ring of poison resistance l - an uncursed ring of warning Wands C - an uncursed wand of cancellation (0:6) q - an uncursed wand of teleportation (0:7) Tools i - a cursed oil lamp Elenmirie the Knight's attributes: Background: You were a Bachelor, a level 6 female human Knight. You were lawful, nominally on a mission for Lugh who was opposed by Brigit (neutral) and Manannan Mac Lir (chaotic). You were right-handed. You were in the Dungeons of Doom, on level 7. You entered the dungeon 5527 turns ago. You had 611 experience points, 29 more were needed to attain level 7. Basics: You had 0 out of 44 hit points. You had all 33 energy points (spell power). Your armor class was 1. Your wallet contained 367 zorkmids. Autopickup was on for '$' plus thrown. Final Characteristics: Your strength was 17 (limit:18/100). Your dexterity was 8 (limit:18). Your constitution was 15 (limit:18). Your intelligence was 7 (limit:18). Your wisdom was 15 (limit:18). Your charisma was 18 (limit:18). Final Status: You weren't hungry. You were burdened; movement was slightly slowed. You were wielding a long sword. You were skilled in long sword. Final Attributes: You were piously aligned. You were poison resistant. You were level-drain resistant. You had automatic searching. You could jump. You had a small defense bonus (+2). You were protected. You are dead. Miscellaneous: You never encountered a bones level. Total elapsed playing time was 27 minutes and 35 seconds. Major events: Turn 1: elenmirie the lawful female human Knight entered the dungeon 1073: attained the rank of Esquire (level 3) 1393: entered the Gnomish Mines 2581: entered Sokoban 2910: endured an absurd aquatic ceremony, and now wields Excalibur 4208: attained the rank of Bachelor (level 6) 4352: completed 1st Sokoban level 5527: killed by a horse called Arod Vanquished creatures: 3 leprechauns a giant spider a blue jelly 2 imps 2 rock piercers a rock mole 2 yellow lights a shrieker a kobold mummy a golden naga hatchling a guardian naga hatchling an elf zombie 4 giant ants a little dog a kitten 2 homunculi a kobold shaman 2 rabid rats a centipede a giant bat a monkey 3 iguanas 4 killer bees an acid blob 4 coyotes a gas spore 2 hobbits a large kobold 2 hobgoblins 2 giant rats a brown mold a yellow mold a green mold a red mold 3 gnomes 2 garter snakes a gnome zombie 3 geckos a jackal 2 goblins 2 sewer rats 11 grid bugs 4 bats 3 lichens 5 newts 92 creatures vanquished. No species were genocided or became extinct. Voluntary challenges: You were an atheist. You read items or engraved 1 time. You never engraved Elbereth. You never genocided any monsters. You never polymorphed an object. You never changed form. You used no wishes. You violated the special Sokoban rules once. Achievements: You entered a shop. You attained the rank of Esquire. You entered the Gnomish Mines. You entered Sokoban. You attained the rank of Bachelor. The Dungeons of Doom: levels 1 to 7 Level 1: A sink. Level 2: A general store. Level 3: Level 4: A fountain, a sink. Stairs down to The Gnomish Mines. Level 5: Many fountains. Oracle of Delphi. Level 6: A fountain. Stairs up to Sokoban, level 5. Level 7: <- You were here. A fountain. Final resting place for you, killed by a horse called Arod. The Gnomish Mines: Level 5: Sokoban: levels 5 up to 4 Level 4: Unsolved. Level 5: Solved. Game over: ---------- / \ / REST \ / IN \ / PEACE \ / \ | elenmirie | | 367 Au | | killed by a | | horse called | | Arod | | | | 2023 | *| * * * | * _________)/\\_//(\/(/\)/\//\/|_)_______ Fare thee well elenmirie the Knight... You died in The Dungeons of Doom on dungeon level 7 with 3085 points, and 367 pieces of gold, after 5527 moves. You were level 6 with a maximum of 44 hit points when you died.